 Dungeon Crawl Stone Soup version 0.24-a0-132-ge4b1dce (console) character file.

Game seed: 2090062692735869506

361 Duffy the Chopper (level 6, -9/52 HPs)
             Began as a Naga Gladiator on Feb 27, 2019.
             Mangled by an ogre
             ... wielding a +0 giant club
              (20 damage)
             ... on level 4 of the Dungeon.
             The game lasted 00:02:45 (3306 turns).

Duffy the Chopper (Naga Gladiator)                  Turns: 3306, Time: 00:02:46

Health: -9/52      AC:  6    Str: 17    XL:     6   Next: 66%
Magic:  7/7        EV: 10    Int: 10    God:
Gold:   137        SH:  0    Dex: 12    Spells: 5/5 levels left

rFire    + . .     SeeInvis +   a - +0 war axe
rCold    . . .     Gourm    .   (no shield)
rNeg     . . .     Faith    .   q - +2 robe {rF+}
rPois    +         Spirit   .   c - +0 helmet
rElec    .         Reflect  .   (no cloak)
rCorr    .         Harm     .   (no gloves)
MR       .....                  (no barding)
Stlth    +.........             (no amulet)
HPRegen  0.17/turn              (no ring)
MPRegen  0.10/turn              (no ring)

@: lethally poisoned (-9 -> -10), very slow
A: large, see invisible, deformed body, poison resistance, slowness 2, slow
metabolism 1, spit poison 1, AC +2
a: Spit Poison


You were on level 4 of the Dungeon.
You were not hungry.

You visited 1 branch of the dungeon, and saw 4 of its levels.

You collected 137 gold pieces.

Inventory:

Hand Weapons
 a - a +0 war axe (weapon)
 l - a +0 blowgun
Missiles
 d - 3 throwing nets (quivered)
Armour
 c - a +0 helmet (worn)
 q - a +2 robe of fire resistance (worn)
Jewellery
 b - an uncursed ring of ice
Wands
 o - a wand of acid (7)
 t - a wand of iceblast (8)
Scrolls
 g - 5 scrolls of identify {unknown}
 h - a scroll of fear {unknown}
 m - 2 scrolls of teleportation {unknown}
 n - a scroll of remove curse {unknown}
 s - 2 scrolls of amnesia {unknown}
Potions
 e - 3 potions of lignification {unknown}
 i - 4 potions of heal wounds {unknown}
 j - 2 potions of magic {unknown}
 k - 3 potions of flight {unknown}
 r - a potion of invisibility {unknown}
Comestibles
 f - 7 rations
 p - 7 chunks of flesh


   Skills:
 - Level 2.0 Fighting
 + Level 6.6 Axes
 - Level 1.7 Throwing
 - Level 2.4 Dodging
 + Level 2.5 Evocations


You had 5 spell levels left.
You didn't know any spells.
Your spell library was empty.

Dungeon Overview and Level Annotations

Branches:
Dungeon (4/15)
 Temple: D:4-7

Altars:
Cheibriados
Hepliaklqana
Qazlal
Sif Muna


Innate Abilities, Weirdness & Mutations

You cannot wear boots.
Your serpentine skin is tough. (AC +2)
You have supernaturally acute eyesight. (SInv)
Armour fits poorly on your strangely shaped body.
Your system is resistant to poisons. (rPois)
You cover ground very slowly.
You have a slow metabolism.
You can spit poison.


Message History

You have got your breath back.
You feel sick. The frilled lizard barely misses you.
You barely miss the frilled lizard.
The frilled lizard bites you but does no damage.
You closely miss the frilled lizard.
You feel sick. The frilled lizard closely misses you.
The frilled lizard hisses.
The frilled lizard barely misses you.
You hit the frilled lizard.
You kill the frilled lizard!
You swing at nothing.
You feel sick.
An ogre comes into view. It is wielding a +0 giant club.
The ogre shouts!
Items here: %% )) [ a +0 mace; a +0 dagger; a +0 robe; a frilled lizard corpse; an orc corpse Butcher a frilled lizard corpse? [(y)es/(n)o/(a)ll/(q)uit/?]
You butcher the frilled lizard corpse.
You butcher the orc corpse.
You feel sick.
The ogre hits you with a +0 giant club!!
You die...

..# ## ..# .. ...# #....
#. ...##. #.#.#
##.###...... #.#.# .
.>.#.[........####.#.###.
#o...[..................
#O# ...(.......... #. #@#
#.#........## #. #$#
#.#........##
#.##.#####..........##
#......#...._..8.._.##
#..#.#...#..........##
#..#.###.#............
#..#.....###..........
#..).....# ##.....#.#.
##.#####.####..##..)#.


You could see an ogre.

Vanquished Creatures
  An orc priest (D:4)
  4 orc wizards
  An iguana (D:4)
  Ijyb (D:4)
  A worker ant (D:2)
  3 gnolls (D:2)
  3 adders
  3 dart slugs
  3 leopard geckos (D:2)
  7 orcs
  2 ball pythons
  5 giant cockroaches
  8 goblins
  13 hobgoblins
  3 quokkas
  5 bats
  4 frilled lizards
  4 kobolds
  A quokka skeleton (D:4)
  11 rats
83 creatures vanquished.

Notes
Turn   | Place    | Note
-------+----------+-------------------------------------------
     0 | D:1      | Duffy the Naga Gladiator began the quest for the Orb.
     0 | D:1      | Reached XP level 1. HP: 19/19 MP: 1/1
   114 | D:1      | Reached XP level 2. HP: 26/26 MP: 2/2
   376 | D:1      | Reached skill level 4 in Axes
   531 | D:1      | Reached XP level 3. HP: 32/32 MP: 3/3
  1119 | D:2      | Found a deep blue altar of Sif Muna.
  1133 | D:2      | Reached XP level 4. HP: 33/39 MP: 4/4
  1314 | D:2      | Found a hazy altar of Hepliaklqana.
  1490 | D:2      | Reached skill level 5 in Axes
  1849 | D:2      | Reached XP level 5. HP: 28/45 MP: 5/5
  1855 | D:2      | Reached skill level 6 in Axes
  2714 | D:3      | Reached skill level 1 in Evocations
  2950 | D:4      | Found a stormy altar of Qazlal.
  3056 | D:4      | Noticed Ijyb
  3057 | D:4      | Found a snail-covered altar of Cheibriados.
  3077 | D:4      | Killed Ijyb
  3077 | D:4      | Reached XP level 6. HP: 48/52 MP: 5/7
  3306 | D:4      | Mangled by an ogre

Levels and vault maps discovered:
D:1:      matt_arrival_refuge, layout_rooms
D:2:      layout_basic, nicolae_overflow_crystal_walls, lemuel_doored_altar,
          first_ration
D:3:      layout_basic, serial_bayou_pond_b
D:4:      layout_loops_ring, grunt_temple_overflow_open, minmay_diced_spiral,
          uniq_ijyb

Skill      XL: |  1  2  3  4  5  6 |
---------------+-------------------+-----
Axes           | 4 5 6 |  6.6
Evocations     | 1 2 |  2.5
Fighting       | |  2.0
Throwing       | |  1.7
Dodging        | |  2.4

Action                   |  1- 3 |  4- 6 || total
-------------------------+-------+-------++-------
Melee: War axe           |    78 |   145 ||   223
 Abil: Spit Poison       |       |     5 ||     5
Evoke: Wand              |       |     3 ||     3
  Eat: Chunk             |       |     6 ||     6
Armor: Leather armour    |    31 |     8 ||    39
       Robe              |       |    44 ||    44
Dodge: Dodged            |    51 |   105 ||   156

Table legend:
 A = Non-vault XP
 B = Vault XP
 C = Vault XP percentage of total XP
 D = Non-vault monster count
 E = Vault monster count
 F = Vault count percentage of total count
                 A         B        C        D         E       F
            +---------+---------+-------+---------+---------+-------
      Total |     464 |      52 |  10.1 |      79 |       4 |   4.8
            +---------+---------+-------+---------+---------+-------
        D:1 |      44 |       0 |   0.0 |      26 |       0 |   0.0
        D:2 |     193 |       0 |   0.0 |      25 |       0 |   0.0
        D:3 |      41 |      16 |  28.1 |      14 |       3 |  17.6
        D:4 |     186 |      36 |  16.2 |      14 |       1 |   6.7
            +---------+---------+-------+---------+---------+-------
